[Event "Titled Tuesday Blitz August 24 2021"]
[White "Zhigalko, Sergei"]
[Black "Svane, Frederik"]
[WhiteFideId "13502956"]
[BlackFideId "12923044"]
[WhiteElo "2662"]
[BlackElo "2459"]
[Result "1-0"]
[Round "11"]
[TimeControl "180+1"]
[Date "2021.08.24"]
[WhiteClock "0:00:06"]
[BlackClock "0:00:04"]

1. e4 c5 2. Nf3 e6 3. c3 d5 4. e5 Bd7 5. d4 Qb6 6. Be2 Bb5 7. Bxb5+ Qxb5 8. a4 Qa6 9. dxc5 Bxc5 10. b4 Bf8 11. Na3 Nd7 12. Nb5 Rc8 13. O-O Nh6 14. Bxh6 gxh6 15. Qd2 Rg8 16. Rfe1 Qb6 17. Nfd4 a6 18. a5 Qd8 19. Nd6+ Bxd6 20. exd6 Qf6 21. Re3 Ne5 22. Qe2 Nc4 23. Rf3 Qe5 24. d7+ Kxd7 25. Rxf7+ Kd6 26. Rxb7 Qxe2 27. Nxe2 Rc7 28. Rxc7 Kxc7 29. Nd4 Kd6 30. Re1 e5 31. Nf5+ Ke6 32. Nd4+ Kd6 33. Nb3 Rc8 34. f3 Rc6 35. h4 Na3 36. Nc5 Nc4 37. Nd3 Na3 38. Nxe5 Rxc3 39. Nf7+ Kc6 40. Re6+ Kb5 41. Rb6+ Kc4 42. Nd6+ Kb3 43. b5 Nxb5 44. Nxb5 axb5 45. Rxb5+ Kc4 46. Rb7 Ra3 47. Rc7+ Kb3 48. Rxh7 d4 49. Rxh6 d3 50. Rd6 Kc2 51. Kh2 d2 52. Rxd2+ Kxd2 53. Kg3 Rxa5 54. Kf4 Kd3 55. g4 Kd4 56. h5 Kd5 57. Kf5 Ra8 58. h6 Rf8+ 59. Kg6 Ke6 60. h7 Ke7 61. g5 Re8 62. Kg7 Rf8 63. h8=Q Rf7+ 64. Kg6 Rxf3 65. Qh7+ Ke6 66. Qh5 Ke7 67. Qxf3 1-0


[Site "https://www.chess.com"]

[Event "Titled Tuesday Blitz August 24 2021"]
[White "Zubov, Alexander"]
[Black "Sjugirov, Sanan"]
[WhiteFideId "14109409"]
[BlackFideId "4189302"]
[WhiteElo "2740"]
[BlackElo "2472"]
[Result "0-1"]
[Round "11"]
[TimeControl "180+1"]
[Date "2021.08.24"]
[WhiteClock "0:00:02"]
[BlackClock "0:00:09"]

1. d4 Nf6 2. c4 e6 3. Nf3 d5 4. Nc3 dxc4 5. e4 b5 6. e5 Nd5 7. Nxb5 Nb6 8. a3 Nc6 9. Be3 Be7 10. Qc2 Na5 11. Rd1 Bb7 12. Be2 Qd7 13. Nc3 Nd5 14. O-O Nxe3 15. fxe3 O-O 16. e4 Qc6 17. Kh1 Rad8 18. d5 Qb6 19. Qc1 h6 20. Qc2 Ba8 21. Nd4 Nb3 22. Nxb3 cxb3 23. Qd2 Bg5 24. Qe1 Qc5 25. h4 Be7 26. Bf3 f6 27. exf6 Rxf6 28. e5 Rf4 29. g3 Rf5 30. Bg2 Rxf1+ 31. Qxf1 Rf8 32. Qd3 Qf2 0-1


[Site "https://www.chess.com"]

[Event "Titled Tuesday Blitz August 24 2021"]
[White "davigator"]
[Black "Perez Rodriguez, Luis Manuel"]
[BlackFideId "3503364"]
[WhiteElo "2400"]
[BlackElo "2429"]
[Result "0-1"]
[Round "11"]
[TimeControl "180+1"]
[Date "2021.08.24"]
[WhiteClock "0:00:26"]
[BlackClock "0:00:27"]

1. e4 e5 2. Nf3 Nc6 3. Bb5 a6 4. Ba4 Nf6 5. O-O b5 6. Bb3 Be7 7. Re1 O-O 8. a4 Bb7 9. d3 Re8 10. Ng5 d5 11. exd5 Nd4 12. Ba2 Bxd5 13. Bxd5 Qxd5 14. Nc3 Qc5 15. axb5 axb5 16. Rxa8 Rxa8 17. Nge4 Nxe4 18. dxe4 Ra1 19. Nd5 Bg5 20. b4 Qxc2 21. Qg4 h6 22. Bd2 Rxe1+ 23. Bxe1 Qc1 24. Kf1 f5 25. exf5 Qc4+ 26. Kg1 Ne2+ 27. Kh1 Qxg4 0-1


[Site "https://www.chess.com"]

[Event "Titled Tuesday Blitz August 24 2021"]
[White "volunteers1998"]
[Black "Quiroga Garza, Juan Manuel"]
[BlackFideId "5117844"]
[WhiteElo "2250"]
[BlackElo "2003"]
[Result "0-1"]
[Round "11"]
[TimeControl "180+1"]
[Date "2021.08.24"]
[WhiteClock "0:00:01"]
[BlackClock "0:01:03"]

1. e4 c5 2. Nf3 e6 3. d4 cxd4 4. Nxd4 a6 5. Nc3 b5 6. Be2 Bb7 7. f3 Qc7 8. O-O Nf6 9. Be3 Be7 10. Qd2 O-O 11. Rad1 b4 12. Na4 d5 13. exd5 Nxd5 14. Bf2 Nd7 15. c3 bxc3 16. Nxc3 Nxc3 17. Qxc3 Qxc3 18. bxc3 Nf6 19. Nb3 Rfc8 20. c4 a5 21. Nd4 Bc5 22. Nb5 Bxf2+ 23. Kxf2 Ba6 24. a4 Nh5 25. g3 g5 26. Rd2 Nf6 27. Rfd1 Kg7 28. Rd6 Rc5 29. R1d2 h5 30. h3 g4 31. hxg4 hxg4 32. R6d4 Rh8 33. Nd6 Rh2+ 34. Kg1 Rch5 35. f4 R5h3 36. Ne4 Nxe4 37. Rxe4 Bb7 38. Rdd4 Bxe4 39. Rxe4 Rh1+ 40. Kf2 R3h2+ 41. Ke3 Rg1 42. Bxg4 Rxg3+ 43. Bf3 Rhh3 44. Kd4 Rxf3 45. Re5 Rd3+ 46. Kc5 Rhe3 47. Rg5+ Kf6 48. Rg8 Re4 49. Kb5 Rxf4 50. Kxa5 Rxc4 51. Kb5 Rc1 52. a5 Rb3+ 53. Ka6 Ra1 54. Rg2 Rba3 55. Rf2+ Ke7 56. Kb6 Rxa5 57. Kc6 Rc1+ 58. Kb6 Ra3 0-1